 Dungeon Crawl Stone Soup version 0.31-a0-675-g238779eb0a (webtiles) character file.

Game seed: 8428452620504680375

1192 randomguy2701 the Cleaver (level 8, -8/67 (70) HPs)
             Began as a Hill Orc Fighter on Sept 5, 2023.
             Was a Believer of Beogh.
             Mangled by a hell rat (11 damage)
             ... on level 5 of the Dungeon.
             The game lasted 00:07:57 (4448 turns).

randomguy2701 the Cleaver (Hill Orc Fighter)        Turns: 4448, Time: 00:07:58

HP:   -8/67 (70)    AC: 12    Str: 19    XL:     8   Next: 43%
MP:   8/8           EV:  6    Int:  8    God:    Beogh [**....]
Gold: 222           SH:  5    Dex: 12    Spells: 7/7 levels left

rFire   . . .        a - +0 war axe
rCold   . . .        c - +0 buckler
rNeg    . . .        o - +0 plate armour
rPois   .            (no helmet)
rElec   .            (no cloak)
rCorr   .            (no gloves)
SInv    .            (no boots)
Will    .....        (no amulet) Stlth
                     k - +4 ring of slaying
HPRegen 0.31/turn    (no ring)
MPRegen 0.11/turn

%: no passive effects
@: lightly drained
A: no striking features
a: Renounce Religion, Smiting


You were on level 5 of the Dungeon.
You worshipped Beogh.
Beogh was pleased with you.
You visited 1 branch of the dungeon, and saw 5 of its levels.

You collected 222 gold pieces.

Inventory:

Hand Weapons
 a - a +0 war axe (weapon)
Armour
 b - a +0 scale mail
 c - a +0 buckler (worn)
 o - a +0 plate armour (worn)
Jewellery
 k - a +4 ring of slaying (left hand)
Wands
 s - a wand of flame (15)
Scrolls
 f - 4 scrolls of teleportation {unknown}
 g - 2 scrolls of fog {unknown}
 l - a scroll of torment {unknown}
 m - 3 scrolls of identify {unknown}
 n - 2 scrolls of blinking {unknown}
 r - a scroll of revelation {unknown}
Potions
 d - a potion of heal wounds {unknown}
 e - a potion of berserk rage {unknown}
 i - a potion of resistance {unknown}
 j - a potion of magic {unknown}
 p - a potion of invisibility {unknown}
 q - a potion of enlightenment {unknown}


   Skills:
 + Level 5.8 Fighting
 + Level 8.6 Axes
 + Level 6.3 Armour
 + Level 0.6 Dodging
 + Level 0.1 Stealth
 + Level 5.4 Shields


You had 7 spell levels left.
You didn't know any spells.
Your spell library contained the following spells:

 Spells                   Type           Power      Damage    Failure   Level
 Magic Dart               Conj           0%         1d3       100%        1
 Call Imp                 Summ           0%         N/A       100%        2
 Static Discharge         Conj/Air       0%         2-2/arc   100%        2
 Mephitic Cloud           Conj/Pois/Air  0%         N/A       100%        3
 Airstrike                Air            0%         2d(0-16)  100%        4
 Summon Lightning Spire   Summ/Air       0%         N/A       100%        4


Dungeon Overview and Level Annotations

Branches:
Dungeon (5/15)             Temple (0/1) D:5

Altars:
Makhleb
Okawaru
Uskayaw
Wu Jian

Annotations:
D:4 2 transporters, Xavori's ghost, amateur OpCK


Message History

Okay, then.
Aiming: Throw Flame
Press: ? - help, Q - select action, (/) - cycle Shift-Dir - straight line, f - hell rat
Aim: a hell rat (heavily wounded, 68% to hit)
The puff of flame hits the hell rat!
You kill the hell rat!
Beogh accepts your kill.
Aiming: Throw Flame
Press: ? - help, Q - select action, (/) - cycle Shift-Dir - straight line, f - river rat
Aim: a river rat (severely wounded, 64% to hit)
The puff of flame hits the river rat!
You kill the river rat!
Beogh accepts your kill.
Aiming: Throw Flame
Press: ? - help, Q - select action, (/) - cycle Shift-Dir - straight line, f - river rat
Aim: a river rat (64% to hit)
The puff of flame misses the river rat.
The puff of flame hits the river rat but does no damage.
Unknown command.
Aiming: Throw Flame
Press: ? - help, Q - select action, (/) - cycle Shift-Dir - straight line, f/p - river rat
Aim: a river rat (64% to hit)
The puff of flame hits the hell rat.
The hell rat is moderately wounded.
Unknown command.
Aiming: Throw Flame
Press: ? - help, Q - select action, (/) - cycle Shift-Dir - straight line, f - hell rat
Aim: a hell rat (moderately wounded, 68% to hit)
The puff of flame hits the hell rat.
The hell rat is heavily wounded.
The hell rat completely misses you. The hell rat bites you.
* * * LOW HITPOINT WARNING * * *
You feel drained.
Aiming: Throw Flame
Press: ? - help, Q - select action, (/) - cycle Shift-Dir - straight line, f/p - hell rat
Aim: a hell rat (heavily wounded, 68% to hit)
The puff of flame hits the hell rat but does no damage.
The hell rat is heavily wounded.
The hell rat bites you!
You die...

.[.<#.####.#.##.####.............
.##.#.# #.##.#.#...#.#..⌠..>..⌠..
.##.#.# #.###.###..#.##.........#
......###.#####.###..#####...####
.##.####.###.# . ##.# #.⌠.# #
###...###.##... .###.#####...####
......##.##...r#..#......).......
####..##.# #rr#.#..########'###
......##.## #@.#..# .....#
###..(###.# #..##.. .......# #
#...##.## #..##.. #.......#
###...###†# ##.##..)...###+###
.....)#)#.## ##.###.###. #
####.)<.##.## #.## .# # #
#....)#)###.####.# ....#.#.#
##.##†## ....#.#.# #.#.##


You could see a hell rat and 2 river rats.

Vanquished Creatures
  Sigmund (D:2)
  Edmund (D:3)
  A scorpion (D:4)
  3 hounds
  2 jellies
  An orc priest (D:4)
  Crazy Yiuf (D:3)
  Jessica (D:2)
  3 iguanas
  4 orc wizards
  Natasha (thrice) (D:2)
  2 sleepcaps (D:5)
  3 hell rats (D:5)
  7 adders
  11 river rats (D:5)
  3 worms
  2 dart slugs (D:3)
  17 orcs
  7 ball pythons
  6 endoplasms
  4 giant cockroaches
  14 hobgoblins
  3 jackals (D:2)
  7 kobolds
  3 quokkas
  4 bats
  3 frilled lizards
  4 goblins
  6 rats
127 creatures vanquished.

Vanquished Creatures (others)
  A hobgoblin (D:3)
1 creature vanquished.

Grand Total: 128 creatures vanquished

Notes
Turn   | Place    | Note
-------+----------+-------------------------------------------
     0 | D:1      | randomguy2701 the Hill Orc Fighter began the quest for the
                  | Orb.
     0 | D:1      | Reached XP level 1. HP: 19/19 MP: 1/1
   146 | D:1      | Reached XP level 2. HP: 27/27 MP: 2/2
   626 | D:2      | Reached skill level 3 in Axes
   626 | D:2      | Reached XP level 3. HP: 33/33 MP: 3/3
   637 | D:2      | Noticed Jessica
   639 | D:2      | Killed Jessica
   695 | D:2      | Noticed Sigmund
   715 | D:2      | Killed Sigmund
   716 | D:2      | Reached skill level 4 in Axes
   716 | D:2      | Reached XP level 4. HP: 17/41 MP: 4/4
   716 | D:2      | Reached XP level 5. HP: 20/47 MP: 5/5
  1005 | D:2      | Noticed Natasha
  1009 | D:2      | Killed Natasha
  1010 | D:2      | Reached skill level 5 in Axes
  1010 | D:2      | Reached XP level 6. HP: 55/55 MP: 6/6
  1050 | D:2      | Noticed Natasha
  1059 | D:2      | Killed Natasha
  1066 | D:2      | Noticed Natasha
  1071 | D:2      | Killed Natasha
  1181 | D:2      | Reached skill level 5 in Armour
  1465 | D:3      | Became a worshipper of Beogh the Brigand
  1523 | D:3      | Found a hide-covered altar of Uskayaw.
  1996 | D:3      | Found a runed translucent door.
  1997 | D:3      | Noticed Crazy Yiuf
  2085 | D:4      | Reached skill level 5 in Fighting
  2280 | D:4      | Noticed Edmund
  2329 | D:4      | Reached * piety under Beogh
  2558 | D:4      | Found a transporter.
  2568 | D:4      | Reached skill level 6 in Axes
  2571 | D:4      | Noticed a black bear
  2573 | D:4      | Noticed Xavori's ghost (amateur OpCK)
  2574 | D:4      | Noticed an ice beast
  2578 | D:4      | Reached XP level 7. HP: 44/61 MP: 7/7
  2583 | D:4      | Found a transporter.
  2867 | D:3      | Killed Edmund
  3029 | D:3      | Killed Crazy Yiuf
  3329 | D:4      | Reached skill level 5 in Shields
  3347 | D:4      | Reached skill level 7 in Axes
  3770 | D:4      | Found a burning altar of Makhleb.
  3846 | D:4      | Found an iron altar of Okawaru.
  3886 | D:5      | Entered Level 5 of the Dungeon
  3903 | D:4      | Reached XP level 8. HP: 53/68 MP: 8/8
  4091 | D:5      | Found an ornate altar of the Wu Jian Council.
  4156 | D:5      | Reached skill level 8 in Axes
  4165 | D:5      | Found a staircase to the Ecumenical Temple.
  4270 | D:5      | Reached ** piety under Beogh
  4442 | D:5      | HP: 2/67 [hell rat (2)]
  4447 | D:5      | HP: 3/68 [hell rat (1)]
  4448 | D:5      | Mangled by a hell rat

Illustrated notes

Levels and vault maps discovered:
D:1:      dreamdust_arrival_beginning_and_end, layout_basic
D:2:      layout_basic, uniq_jessica, uniq_natasha, uniq_sigmund
D:3:      layout_basic, mainiacjoe_overflow_concentric_impassable,
          uniq_crazy_yiuf_cottage
D:4:      layout_rooms, mainiacjoe_overflow_big_doors, gammafunk_ghost_arena,
          sigmund_army, uniq_edmund
D:5:      wander_guarded_unrand_ratskin, layout_basic, amcnicky_altar_gilded,
          lemuel_crystal_altar, minmay_temple_entry_junction

Skill      XL: |  1  2  3  4  5  6  7  8 |
---------------+-------------------------+-----
Fighting       | 4 5 |  5.8
Axes           | 3 4 5 6 7 8 |  8.6
Armour         | 4 5 6 |  6.3
Shields        | 4 5 |  5.4
Dodging        | |  0.6
Stealth        | |  0.1

Action                     |  1- 3 |  4- 6 |  7- 9 || total
---------------------------+-------+-------+-------++-------
  Melee: War axe           |    51 |   125 |   163 ||   339
 Invoke: Convert to Beogh  |       |     1 |       ||     1
  Evoke: Wand              |       |       |     6 ||     6
    Use: Potion            |     1 |       |     2 ||     3
 Armour: Scale mail        |    16 |       |       ||    16
         Plate armour      |    32 |   130 |   150 ||   312
  Dodge: Dodged            |    15 |    39 |    39 ||    93
  Block: Buckler           |    10 |    35 |    30 ||    75

Table legend: (Time is in decaauts)
 A = Elapsed time spent in this place.
 B = Non-inter-level travel time spent in this place.
 C = Inter-level travel time spent in this place.
 D = Time resting spent in this place.
 E = Time spent auto-exploring this place.
 F = Levels seen in this place.
 G = Mean time per level.
                   A        B        C        D        E       F      G
               +--------+--------+--------+--------+--------+-----+--------+
         Total |   4528 |   4160 |    368 |      0 |   3378 |   5 |  905.6 |
       Dungeon |   4528 |   4160 |    368 |      0 |   3378 |   5 |  905.6 |
               +--------+--------+--------+--------+--------+-----+--------+

Top non-repeatable levels by time:
     D:3: 1769 daAuts
     D:4: 883 daAuts
     D:2: 734 daAuts
     D:1: 627 daAuts
     D:5: 513 daAuts
